 Dungeon Crawl Stone Soup version 0.18.1-48-g4cf74bf (webtiles) character file.

5727 nuthulu the Cleaver (level 10, -4/97 HPs)
             Began as a Minotaur Fighter on Sept 12, 2016.
             Was a Believer of Okawaru.
             Slain by a seven-headed hydra (11 damage)
             ... on level 8 of the Dungeon.
             The game lasted 00:20:29 (9907 turns).

nuthulu the Cleaver (Minotaur Fighter)              Turns: 9907, Time: 00:20:30

Health: -4/97      AC: 18    Str: 21    XL:     10   Next: 48%
Magic:  7/9        EV:  8    Int:  5    God:    Okawaru [**....]
Gold:   328        SH: 14    Dex: 13    Spells: 0 memorised, 9 levels left

rFire  . . .     SeeInvis .     G - -2 spear (curse)
rCold  . . .     Gourm    +     v - +0 plate armour
rNeg   . . .     Faith    .     h - +2 shield {rPois}
rPois  +         Spirit   .     (helmet restricted)
rElec  .         Dismiss  .     y - +0 cloak
rCorr  .         Reflect  .     p - +0 pair of gloves
SustAt .         Harm     .     i - +0 pair of boots
MR     +....                    C - amulet of the gourmand
Stlth  ..........               (no ring)
                                o - ring of protection from magic

@: heroism, very slightly contaminated, invisible, somewhat resistant to hostile
enchantments, extremely unstealthy
A: retaliatory headbutt, horns 2
a: Heroism, Renounce Religion


You were on level 8 of the Dungeon.
You worshipped Okawaru.
Okawaru was pleased with you.
You were completely stuffed.

You visited 2 branches of the dungeon, and saw 10 of its levels.

You collected 502 gold pieces.
You spent 174 gold pieces at shops.

Inventory:

Hand Weapons
 a - a +0 war axe
 w - a +1 battleaxe
 B - a -3 hand axe
 G - a cursed -2 spear (weapon)
Missiles
 r - 9 throwing nets (quivered)
Armour
 h - a +2 shield of poison resistance (worn)
 i - a +0 pair of boots (worn)
 p - a +0 pair of gloves (worn)
 v - a +0 plate armour (worn)
 y - a +0 cloak (worn)
Jewellery
 o - a ring of protection from magic (left hand)
 C - an amulet of the gourmand (around neck)
Wands
 e - a wand of flame (12/48)
 m - a wand of flame (12/48)
 s - a wand of heal wounds (7/9)
 x - a wand of digging (15/24)
Scrolls
 c - 4 scrolls of amnesia
 j - 3 scrolls of identify
 k - 3 scrolls of remove curse
 q - 3 scrolls of teleportation
 u - a scroll of recharging
 A - a scroll of magic mapping
 E - a scroll of blinking
Potions
 b - 2 potions of curing
 d - a potion of might
 l - a potion of flight
 n - 3 potions of brilliance
 z - a potion of agility
 D - a potion of cure mutation
Comestibles
 f - 10 bread rations
 g - 5 meat rations
 t - 7 beef jerkies


   Skills:
 - Level 12.0(17.0) Fighting
 + Level 13.0(18.0) Axes
 + Level 5.0(10.0) Armour
 - Level 6.6(11.6) Shields


You had 9 spell levels left.
You didn't know any spells.

Dungeon Overview and Level Annotations

Branches:
Dungeon (9/15)             Temple (1/1) D:6            Lair (0/8) D:8
    Orc: D:9-12

Altars:
Ashenzari
Cheibriados
Dithmenos
Elyvilon
Fedhas
Gozag
Kikubaaqudgha
Makhleb
Nemelex Xobeh
Okawaru
Pakellas
Qazlal
Ru
Sif Muna
Trog
Vehumet
Xom
Yredelemnul
Zin
The Shining One

Shops:
D:4 *


Innate Abilities, Weirdness & Mutations

You reflexively headbutt those who attack you in melee.
You have a pair of horns on your head.


Message History

* * * LOW HITPOINT WARNING * * *
You block the seven-headed hydra's attack.
The seven-headed hydra bites you!
* * * LOW HITPOINT WARNING * * *
The seven-headed hydra bites you but does no damage.
The seven-headed hydra barely misses you.
The seven-headed hydra bites you but does no damage.
You catch the helpless seven-headed hydra completely off-guard!
You hit the seven-headed hydra. You headbutt the seven-headed hydra!
The seven-headed hydra is moderately wounded.
You catch the helpless seven-headed hydra completely off-guard!
You hit the seven-headed hydra.
Your headbutt misses the seven-headed hydra.
The seven-headed hydra is moderately wounded.
The seven-headed hydra bites you but does no damage. x3
You block the seven-headed hydra's attack.
The seven-headed hydra closely misses you.
The seven-headed hydra barely misses you.
The seven-headed hydra bites you!
You die...

#....#.......#......##.>....#....
#....#.......#....####.....####..
#...(')......#######.........##..
#....#............#...P....P..#..
#....#.....................PP....
#....########...(.......>........
#.....#.....#..............P.....
#.....#.....'....D#...........#..
#.....#.....#...@)##.........##..
#.....#.[...#....)####.....####..
#....##.....#...รท[...............
#....########....................
#.....#.....#........###'####....
#.....#.....#........#......#....
#.....#.....#........#......#....
#....##.....+........+......+....
###'###.....#........#'##...#....


You could see a seven-headed hydra.

Vanquished Creatures
  Joseph (D:8)
  An elephant (D:8)
  Menkaure (D:7)
  A water moccasin (D:7)
  2 ice beasts
  3 orc warriors
  A sky beast (D:7)
  7 ogres
  4 phantoms
  A centaur (D:6)
  A big kobold (D:7)
  4 giant frogs
  A wyvern skeleton (D:8)
  A scorpion (D:7)
  16 killer bees
  12 wights
  A vampire bat (D:3)
  A howler monkey (D:7)
  3 crimson imps
  A centaur zombie (D:7)
  2 quasits
  6 hounds
  4 orc priests
  A gnoll shaman (D:8)
  A centaur skeleton (D:8)
  8 orc wizards
  2 giant frog skeletons
  Ijyb (D:3)
  Natasha (thrice) (D:3)
  An iguana (D:8)
  4 worker ants
  2 sheep (D:8)
  A hound skeleton (D:7)
  A howler monkey zombie (D:8)
  14 adders
  15 gnolls
  3 shadow imps
  2 adder skeletons
  2 worms (D:3)
  A dart slug (D:1)
  3 fire bats (D:3)
  4 giant geckos
  22 orcs
  2 spectral bats (D:3)
  3 ball pythons
  16 bats
  3 bat skeletons (D:3)
  A bat zombie (D:3)
  2 giant cockroaches
  2 gnoll zombies (D:2)
  7 goblins
  2 hobgoblins (D:1)
  8 kobolds
  5 quokkas
  A bat simulacrum (D:3)
  7 giant newts
  A quokka zombie (D:5)
  6 rats
232 creatures vanquished.

Notes
Turn   | Place    | Note
--------------------------------------------------------------
     0 | D:1      | nuthulu the Minotaur Fighter began the quest for the Orb.
     0 | D:1      | Reached XP level 1. HP: 19/19 MP: 0/0
     6 | D:1      | Noticed a salamander
     6 | D:1      | Noticed a swamp worm
     6 | D:1      | Noticed a polar bear
     7 | D:1      | Noticed a hog
   370 | D:1      | Reached XP level 2. HP: 27/27 MP: 1/1
   727 | D:1      | Reached skill level 3 in Axes
  1131 | D:2      | Found a snail-covered altar of Cheibriados.
  1680 | D:2      | Found a white marble altar of Elyvilon.
  1783 | D:2      | Reached XP level 3. HP: 33/34 MP: 2/2
  1831 | D:2      | Found a glowing silver altar of Zin.
  2027 | D:2      | Noticed an angel
  2030 | D:2      | Found a shimmering altar of Xom.
  2102 | D:2      | Found a basalt altar of Yredelemnul.
  2164 | D:2      | Reached skill level 4 in Axes
  2316 | D:3      | Reached XP level 4. HP: 40/41 MP: 3/3
  2364 | D:3      | Noticed Natasha
  2369 | D:3      | Killed Natasha
  2426 | D:3      | Reached XP level 5. HP: 29/47 MP: 4/4
  2511 | D:3      | Noticed Natasha
  2524 | D:3      | Killed Natasha
  2524 | D:3      | Reached skill level 5 in Axes
  2754 | D:3      | Found an ancient bone altar of Kikubaaqudgha.
  2755 | D:3      | Found a deep blue altar of Sif Muna.
  2762 | D:3      | Found a radiant altar of Vehumet.
  2766 | D:3      | Identified Vehumet's Grimoire of Combat Magic
  3019 | D:3      | Reached skill level 5 in Shields
  3033 | D:3      | Noticed Natasha
  3039 | D:3      | Killed Natasha
  3392 | D:3      | Noticed Ijyb
  3399 | D:3      | Reached XP level 6. HP: 53/53 MP: 5/5
  3420 | D:3      | Reached skill level 6 in Axes
  3431 | D:3      | Killed Ijyb
  3640 | D:3      | Reached XP level 7. HP: 41/60 MP: 6/6
  3930 | D:4      | Reached skill level 5 in Fighting
  3930 | D:4      | Reached skill level 7 in Axes
  4353 | D:4      | Reached skill level 8 in Axes
  4480 | D:4      | Found Axitziaf's General Store.
  4487 | D:4      | Reached XP level 8. HP: 45/71 MP: 7/7
  4492 | D:4      | Bought a scroll of identify for 24 gold pieces
  4492 | D:4      | Bought a scroll of recharging for 114 gold pieces
  4492 | D:4      | Bought a scroll of teleportation for 36 gold pieces
  4660 | D:4      | Found a shadowy altar of Dithmenos.
  4667 | D:4      | Found a blossoming altar of Fedhas.
  4709 | D:5      | Entered Level 5 of the Dungeon
  4735 | D:5      | Found a shattered altar of Ashenzari.
  5156 | D:5      | Reached skill level 9 in Axes
  6434 | D:6      | Reached skill level 10 in Axes
  6596 | D:6      | Found a stormy altar of Qazlal.
  6693 | D:6      | Reached XP level 9. HP: 72/83 MP: 8/8
  6727 | D:6      | Found a staircase to the Ecumenical Temple.
  7026 | Temple   | Entered the Ecumenical Temple
  7055 | Temple   | Became a worshipper of Warmaster Okawaru
  7415 | D:7      | Reached skill level 10 in Fighting
  7439 | D:7      | Reached skill level 11 in Axes
  7490 | D:7      | Reached * piety under Okawaru
  7967 | D:7      | Noticed Menkaure
  7981 | D:7      | Killed Menkaure
  8431 | D:8      | Found a staircase to the Lair.
  8431 | D:8      | Noticed an elephant
  8432 | D:8      | Noticed Joseph
  8470 | D:8      | Killed an elephant
  8470 | D:8      | Reached skill level 12 in Axes
  8470 | D:8      | Reached XP level 10. HP: 94/96 MP: 7/9
  8482 | D:8      | Killed Joseph
  8482 | D:8      | Reached ** piety under Okawaru
  9634 | D:9      | Reached skill level 13 in Axes
  9636 | D:9      | Reached skill level 5 in Armour
  9832 | D:9      | Found a shattered altar of Ashenzari.
  9841 | D:9      | Noticed a seven-headed hydra
  9907 | D:8      | Slain by a seven-headed hydra

Skill      XL: |  1  2  3  4  5  6  7  8  9 10 |
---------------+-------------------------------+-----
Fighting       | 4 6 9 11 12 | 12.0
Axes           | 3 4 5 6 8 10 12 13 | 13.0
Shields        | 4 5 6 |  6.6
Armour         | 5 |  5.0

Action                   |  1- 3 |  4- 6 |  7- 9 | 10-12 || total
-------------------------+-------+-------+-------+-------++-------
Melee: War axe           |    70 |   184 |   335 |   150 ||   739
       Headbutt          |     6 |    31 |    69 |    34 ||   140
       Spear             |       |       |       |     3 ||     3
Throw: Throwing net      |       |       |       |     1 ||     1
Invok: Heroism           |       |       |     3 |     1 ||     4
Evoke: Wand              |       |       |     3 |     3 ||     6
  Use: Potion            |     6 |       |     1 |     2 ||     9
       Scroll            |     4 |     2 |    11 |     2 ||    19
 Stab: Invisible         |       |       |       |     2 ||     2
  Eat: Chunk             |     5 |     5 |    30 |     5 ||    45
Armor: Scale mail        |    27 |   124 |    18 |       ||   169
       Plate armour      |       |       |   133 |   110 ||   243
Dodge: Dodged            |    24 |    61 |    61 |    27 ||   173
Block: Shield            |    39 |   163 |   273 |   114 ||   589
